Unix NetHack Version 5.0.0-0 post-release - last build May  4 2026 22:22:43 (774f63e81ad911689b3a0859ea89b322d5daca8d,branch:main).

Game began 2026-05-05 16:05:36, ended 2026-05-07 17:44:19.

BCKit, neutral female human Tourist

     --------              -------    --------------                  #
     |......*##            ......-# ##.............|        ######------
     |......| #          *#-.....|# # |............|             #....)|
     |......| #           #|.....|# # |............-#######      #..<..|
     --+--..- ## #        #|......### |......*.....|  #   #     ##..'..-#
          #    ##         #-------#   ----.--------- *    ### #` #.@...|#
          #    #          #       #       #                 # ####------#
          #   ###         #       #      ##                 # )         #
          #     ##       ##       #      #                  ###       ###
          ##     #       #        #     ##                  ##        #
  ---------+--   #       #        #    ##                   `"##      #
  |).(....(..|   #      ##        ###  #                   ##  #####  #
  |(((.(.(..(|   #------#           #  #          ############  ########
  |((.(((..(.|   #-.....#           ##-.---#############           # #-.-..
  ------------    |*...|             #|.^..#                       # #|..>.
                  |....|             #-`..|                        ###...`.
                  ------              |...|                           |...|
                                      -----                           -----
                                                                       # #
BCKit the Excursionist      St:15 Dx:13 Co:18 In:13 Wi:12 Ch:12  Neutral
Dlvl:4  $:0  HP:0(78) Pw:27(27) AC:1  Xp:8/1609 T:13563  Burdened

Latest messages:
 A gold golem suddenly appears next to you!
 What do you want to wield? [- a or ?*] a
 You are already wielding that!
 You hit the gold golem.
 The gold golem hits!
 The gold golem hits again!
 You hit the gold golem.
 The gold golem hits!
 The gold golem misses!
 The gold golem hits!
 The gold golem misses!
 You hit the gold golem.
 You hit the gold golem.
 The gold golem hits!
 The gold golem hits again!
 You hit the gold golem.
 The gold golem hits!
 The gold golem hits again!
 You hit the gold golem.
 You hit the gold golem.
 The gold golem misses!
 The gold golem hits!
 You hit the gold golem!
 The gold golem hits!
 The gold golem hits again!
 The gold golem hits!
 The gold golem just misses!
 You hit the gold golem.
 The gold golem hits!
 The gold golem misses!
 You hit the gold golem.
 The gold golem misses!
 The gold golem hits!
 You hit the gold golem.
 The gold golem hits!
 The gold golem misses!
 You miss the gold golem.
 You hit the gold golem.
 The gold golem hits!
 The gold golem hits again!
 You hit the gold golem!
 The gold golem hits!
 The gold golem hits again!
 The gold golem hits!
 You die...
 Do you want your possessions identified? [ynq] (y) y
 Do you want to see your attributes? [ynq] (y) y
 Do you want an account of creatures vanquished? [ynaq] (y) n
 Do you want to see your conduct and achievements? [ynq] (y) n
 Do you want to see the dungeon overview? [ynq] (y) n

Inventory:
 Weapons  (')')
  a - a blessed +1 orcish dagger named NC (weapon in right hand)
 Armor    ('[')
  s - an uncursed +0 dwarvish iron helm (being worn)
  R - an uncursed +0 pair of leather gloves (being worn)
  Z - an uncursed +0 dwarvish cloak (being worn)
  i - an uncursed +0 Hawaiian shirt with an orchid motif (being worn)
  D - an uncursed +0 dwarvish mithril-coat (being worn)
 Comestibles  ('%')
  t - an uncursed food ration
  z - an uncursed fortune cookie
  m - an uncursed lichen corpse
  f - an uncursed partly eaten lizard corpse
 Potions  ('!')
  w - 2 uncursed potions of water named uncursed
 Rings    ('=')
  r - a cursed +0 ring of adornment
  H - a cursed ring of aggravate monster
  Y - an uncursed ring of fire resistance named NC
  F - an uncursed ring of free action
  V - an uncursed +2 ring of gain constitution named NC
  E - an uncursed ring of invisibility
  o - a cursed ring of polymorph
  d - an uncursed ring of polymorph control
  j - an uncursed ring of see invisible named NC
  O - a cursed ring of shock resistance
  M - an uncursed ring of stealth
  n - an uncursed ring of sustain ability named NC
 Wands    ('/')
  c - a wand of create monster (0:10)
  y - a wand of digging (0:3)
  b - a wand of magic missile (0:0)
  I - a wand of secret door detection (0:10)
  l - a wand of striking (0:1)
 Tools    ('(')
  g - an empty cursed oilskin sack
  h - an uncursed sack containing 29 items
  X - a bag of tricks (0:13)
  q - an uncursed blindfold
  C - an expensive camera (0:66)
  L - an uncursed magic lamp (lit)
  W - a cursed magic whistle
  u - an uncursed pair of lenses
  K - an uncursed skeleton key
  B - an uncursed towel

Contents of the sack:
  5092 gold pieces
  2 uncursed tripe rations
  2 uncursed scrolls of confuse monster
  a cursed scroll of destroy armor
  a blessed scroll of enchant weapon
  2 uncursed scrolls of enchant weapon named NC
  a cursed scroll of enchant weapon
  3 blessed scrolls of identify
  an uncursed scroll of identify
  a cursed scroll of identify
  3 uncursed scrolls of magic mapping
  2 cursed scrolls of magic mapping
  a cursed scroll of stinking cloud
  2 uncursed scrolls of teleportation
  a cursed scroll of teleportation
  an uncursed spellbook of clairvoyance
  an uncursed potion of enlightenment named NC
  a cursed potion of enlightenment
  4 uncursed potions of extra healing
  a cursed potion of fruit juice
  a blessed potion of healing
  7 uncursed potions of healing named NC
  3 cursed potions of healing
  2 uncursed potions of levitation
  a blessed potion of object detection
  an uncursed potion of object detection
  a cursed potion of object detection
  an uncursed potion of paralysis
  2 potions of holy water

BCKit the Tourist's attributes:

Background:
 You were an Excursionist, a level 8 female human Tourist.
 You were neutral, on a mission for The Lady
 who was opposed by Blind Io (lawful) and Offler (chaotic).
 You were right-handed.
 You were in the Dungeons of Doom, on level 4.
 You entered the dungeon 13563 turns ago.
 You had 1609 experience points, 951 more were needed to attain level 9.

Basics:
 You had 0 out of 78 hit points.
 You had all 27 energy points (spell power).
 Your armor class was 1.
 Your wallet was empty, but
 you had 5092 zorkmids stashed away in your pack.
 Autopickup was on for '$' plus thrown.

Final Characteristics:
 Your strength was 15 (limit:18/100).
 Your dexterity was 13 (limit:18).
 Your constitution was 18 (limit:18).
 Your intelligence was 13 (limit:18).
 Your wisdom was 12 (limit:18).
 Your charisma was 12 (limit:18).

Final Status:
 You weren't hungry.
 You were burdened; movement was slightly slowed.
 You were wielding a dagger.
 You were skilled in dagger.

Final Attributes:
 You were piously aligned.
 Your items were somewhat protected from fire.
 Your items were somewhat protected from cold.
 You were poison resistant.
 You were telepathic.
 You were guarded.
 Your spell casting was impaired by metallic armor.
 You are dead.

Miscellaneous:
 You encountered 3 bones levels.
 Total elapsed playing time was 3 hours, 53 minutes and 44 seconds.

Major events:
 Turn
    1: BCKit the neutral female human Tourist entered the dungeon
  608: entered the Gnomish Mines
  613: attained the rank of Sightseer (level 3)
 2859: was bestowed with Ogresmasher by The Lady
 4692: attained the rank of Excursionist (level 6)
 5801: reached Mine Town
13563: killed by a gold golem

Spells:
 Name                 Level Category     Fail Retention
 confuse monster        1   enchantment  100%   51%-75%
 protection             1   clerical     100%   51%-75%
 create monster         2   clerical     100%   51%-75%

Skills:
 Fighting Skills
   bare handed combat [Unskilled]
   two weapon combat  [Unskilled]
   riding             [Unskilled]
 Weapon Skills
   dagger             [Skilled]
   knife              [Unskilled]
   axe                [Unskilled]
   pick-axe           [Unskilled]
   short sword        [Unskilled]
   broadsword         [Unskilled]
   long sword         [Unskilled]
   two-handed sword   [Unskilled]
   saber              [Unskilled]
   mace               [Unskilled]
   morning star       [Unskilled]
   flail              [Unskilled]
   hammer             [Unskilled]
   quarterstaff       [Unskilled]
   polearms           [Unskilled]
   spear              [Unskilled]
   trident            [Unskilled]
   lance              [Unskilled]
   bow                [Unskilled]
   sling              [Unskilled]
   crossbow           [Unskilled]
   dart               [Skilled]
   shuriken           [Unskilled]
   boomerang          [Unskilled]
   whip               [Unskilled]
   unicorn horn       [Unskilled]
 Spellcasting Skills
   divination spells  [Unskilled]
   enchantment spells [Unskilled]
   escape spells      [Unskilled]

Voluntary challenges:
 Character rerolling was not enabled.
 You never genocided any monsters.
 You never polymorphed an object.
 You never changed form.
 You used no wishes.
Achievements:
 You entered the Gnomish Mines.
 You attained the rank of Sightseer.
 You entered a shop.
 You attained the rank of Excursionist.
 You entered Minetown.
 You entered a temple.

 The Dungeons of Doom: levels 1 to 9
    Level 1:
       A fountain, a grave.
    Level 2:
       Stairs down to The Gnomish Mines.
    Level 3:
       A ring shop, some fountains.
    Level 4: <- You were here.
       A tool shop, an altar to The Lady.
       Final resting place for
          you, killed by a gold golem.
    Level 5:
       A general store, a grave.
       Final resting place for
          NIK2408899-Val-Hum-Fem-Law, killed by a wand.
    Level 6:
       A fountain, a sink.
    Level 7:
       Many fountains.
    Level 8:
    Level 9:
 The Gnomish Mines: levels 3 to 7
    Level 3:
       A grave.
       Final resting place for
          Slipstreamed-Tou-Hum-Fem-Neu, killed by a gnome.
    Level 4:
    Level 5:
       Some graves.
       Final resting place for
          2460080212-Val-Hum-Fem-Law, killed by a homunculus, while sleeping,
          Perugi-Cav-Hum-Mal-Neu, killed by a dart.
    Level 6:
       Many shops, a temple and an altar, many fountains.
    Level 7:
 The Tutorial:
    Level 1:


Vanquished creatures:
  4 ghosts
  a large mimic
  3 small mimics
  2 tengu
  3 watchmen
  3 giant beetles
  a quivering blob
  4 gremlins
  a spotted jelly
  3 leprechauns
  a giant spider
  a vampire bat
  a gnome ruler
 an orc mummy
  a dwarf mummy
  a brown pudding
  a yeti
  2 gold golems
  4 lizards
  2 dingoes
  a jaguar
  a blue jelly
  a dust vortex
  2 plains centaurs
  a gnome mummy
  a snake
  2 apes
  2 human zombies
  a bugbear
 an imp
  a wood nymph
  a water nymph
  3 mountain nymphs
  4 Mordor orcs
 an orc shaman
  2 rock piercers
  2 rock moles
  2 ponies
  3 fog clouds
  5 yellow lights
  2 shriekers
  a violet fungus
 12 gnome leaders
  3 gnomish wizards
  4 gray oozes
  3 elf zombies
  a ghoul
  a paper golem
  3 giant ants
  4 floating eyes
 13 dwarves
  5 homunculi
  a kobold leader
  a kobold shaman
  5 hill orcs
  3 rothes
  5 giant bats
  a monkey
  3 orc zombies
  2 dwarf zombies
 11 iguanas
 16 killer bees
  2 acid blobs
  a coyote
  3 gas spores
  5 hobbits
  8 manes
  5 large kobolds
  7 hobgoblins
  4 giant rats
  8 cave spiders
  5 yellow molds
  a red mold
 21 gnomes
  3 garter snakes
  8 geckos
  4 jackals
  3 foxes
  3 kobolds
  3 goblins
  3 sewer rats
  5 grid bugs
  2 bats
 13 lichens
  4 kobold zombies
  5 newts
303 creatures vanquished.

No species were genocided or became extinct.

Game over:
                       ----------
                      /          \
                     /    REST    \
                    /      IN      \
                   /     PEACE      \
                  /                  \
                  |      BCKit       |
                  |     5092 Au      |
                  | killed by a gold |
                  |      golem       |
                  |                  |
                  |                  |
                  |       2026       |
                 *|     *  *  *      | *
        _________)/\\_//(\/(/\)/\//\/|_)_______

Aloha BCKit the Tourist...

You died in The Dungeons of Doom on dungeon level 4 with 10862 points,
and 5092 pieces of gold, after 13563 moves.
You were level 8 with a maximum of 78 hit points when you died.

